 Dungeon Crawl Stone Soup version 0.27-a0-705-ga0013940fb (webtiles) character file.

Game seed: 11920042350099110245

102 sizableburger the Ducker (level 4, -5/28 HPs)
             Began as a Deep Elf Berserker on Mar 22, 2021.
             Was a Believer of Trog.
             Slain by an orc wizard
             ... wielding a +0 dagger
              (6 damage)
             ... on level 2 of the Dungeon.
             The game lasted 00:05:40 (3387 turns).

sizableburger the Ducker (Deep Elf Berserker)       Turns: 3387, Time: 00:05:42

Health: -5/28      AC:  2    Str: 15    XL:     4   Next: 50%
Magic:  6/6        EV: 13    Int: 12    God:    Trog [**....]
Gold:   52         SH:  5    Dex: 14    Spells: 3/3 levels left

rFire    . . .     SeeInvis .   a - +0 falchion
rCold    . . .     Faith    .   (no shield)
rNeg     . . .     Spirit   .   b - +0 animal skin
rPois    .         Reflect  +   (no helmet)
rElec    .         Harm     .   (no cloak)
rCorr    .         Rampage  .   (no gloves)
Will     .....                  (no boots)
Stlth    +.........             c - amulet of reflection
HPRegen  0.09/turn              (no ring)
MPRegen  0.10/turn              (no ring)

@: berserk cooldown, slowed, very slow
A: no striking features
a: Renounce Religion, Berserk, Trog's Hand


You were on level 2 of the Dungeon.
You worshipped Trog.
Trog was pleased with you.
You visited 1 branch of the dungeon, and saw 3 of its levels.

You collected 52 gold pieces.

Inventory:

Hand Weapons
 a - a +0 falchion (weapon)
Armour
 b - a +0 animal skin (worn)
Jewellery
 c - an amulet of reflection (around neck)
Wands
 h - a wand of charming (11)
Scrolls
 d - a scroll of random uselessness {unknown}
 e - a scroll of enchant armour {unknown}
 g - a scroll of fog {unknown}
Potions
 f - 2 potions of magic {unknown}


   Skills:
 + Level 3.2 Fighting
 + Level 3.5 Long Blades
 - Level 1.5 Armour
 + Level 3.8 Dodging


You had 3 spell levels left.
You didn't know any spells.
Your spell library was empty.

Dungeon Overview and Level Annotations

Branches:
Dungeon (3/15)

Altars:
Hepliaklqana

Shops:
D:1 =

Annotations:
D:3 Sigmund


Message History

An orc comes into view. It is wielding a +0 club.
An orc is nearby!
The orc shouts!
You hear a shout! x3
You hit the orc but do no damage.
The orc drinks a potion.
The orc seems to grow stronger.
An orc wizard comes into view. It is wielding a +0 dagger.
The orc hits you with a +0 club.
You hit the orc.
The orc is lightly wounded.
The orc hits you with a +0 club.
An orc comes into view. It is wielding a +0 flail.
The orc wizard points at itself and mumbles some strange words.
The orc wizard flickers and vanishes!
Deactivating autopickup; reactivate with Ctrl-A.
The orc barely misses you. The orc closely misses you.
The orc hits you with a +0 club!
An orc wizard comes into view. It is wielding a +2 dagger of venom.
Sigmund shouts!
The orc wizard shouts!
The orc barely misses you.
You riposte.
You hit the orc.
The orc is moderately wounded.
The orc wizard closely misses you. The orc closely misses you.
The orc wizard misses you.
There is a stone staircase leading up here.
Sigmund hits you from afar with a +0 scythe!
The orc wizard closely misses you.
You riposte.
You hit the orc wizard but do no damage.
The orc barely misses you. The orc hits you with a +0 flail!
* * * LOW HITPOINT WARNING * * *
Something barely misses you. Sigmund closely misses you.
You climb upwards.
Reactivating autopickup.
There is a stone staircase leading down here.
Deactivating autopickup; reactivate with Ctrl-A.
You barely miss something. The orc closely misses you.
You riposte.
You closely miss the orc.
The orc is moderately wounded.
The orc wizard barely misses you. The orc closely misses you.
Something hits you.
You die...

#........'....##..##........####.
..#......####.##..##.............
#...#+#######..#..#########.####†
#.###.# #.##.#..# #.# #. #.....#
#..)....# #.####.
###########.......# #......
.........##.##....# #..####
.........##.##..oo# #..#
.........##.##..@.# #..#
:........##.##.o..###### #..#
.........##.##.........# #..#
##'###'####.####.......# #..####
#.# #.# #.##.........####......
#.# #.# #.##......(#...##.#####
#.# #.# #.##.......#.#.##.#
#.###.# #.##.......#.#.##.#
#...#.# #.####'####.....#.#


You could see an orc wizard and 2 orcs.

Vanquished Creatures
  Terence (D:3)
  An adder (D:2)
  A gnoll (D:1)
  2 worms (D:2)
  2 dart slugs
  3 ball pythons
  A giant cockroach (D:2)
  2 goblins
  6 hobgoblins
  2 oozes
  A quokka (D:2)
  2 bats
  5 frilled lizards (D:1)
  4 kobolds
  20 rats
53 creatures vanquished.

Notes
Turn   | Place    | Note
-------+----------+-------------------------------------------
     0 | D:1      | sizableburger the Deep Elf Berserker began the quest for
                  | the Orb.
     0 | D:1      | Reached XP level 1. HP: 13/13 MP: 3/3
   385 | D:1      | Reached XP level 2. HP: 2/18 MP: 4/4
  1267 | D:1      | Found Funet's Jewellery Emporium.
  1406 | D:1      | Reached XP level 3. HP: 22/22 MP: 5/5
  2623 | D:2      | Reached ** piety under Trog
  3021 | D:2      | Reached XP level 4. HP: 28/28 MP: 6/6
  3317 | D:3      | Found a hazy altar of Hepliaklqana.
  3342 | D:3      | Noticed Terence
  3354 | D:3      | Noticed Sigmund
  3357 | D:3      | Killed Terence
  3385 | D:3      | HP: 1/28 [orc/+0 flail (8)]
  3387 | D:2      | Slain by an orc wizard

Illustrated notes

Levels and vault maps discovered:
D:1:      dpeg_arrival_connections, layout_loops_ring, serial_shops, shop
D:2:      layout_basic, minmay_rat_hole
D:3:      minmay_chambers_of_twos, layout_loops_cross, lemuel_doored_altar,
          uniq_crazy_yiuf_cottage, uniq_jessica, uniq_sigmund, uniq_terence,
          uniq_natasha, uniq_grinder

Skill      XL: |  1  2  3 |
---------------+----------+-----
Long Blades    | 3 |  3.5
Dodging        | 3 |  3.8
Fighting       | 3 |  3.2
Armour         | |  1.5

Action                   |  1- 3 |  4- 6 || total
-------------------------+-------+-------++-------
Melee: Falchion          |   119 |     5 ||   124
Invok: Berserk           |    10 |     1 ||    11
 Stab: Sleeping          |     2 |       ||     2
Armor: Animal skin       |    17 |       ||    17
Dodge: Dodged            |    60 |    16 ||    76
Block: Other             |    12 |     1 ||    13
       Rpst.: Falchion   |    21 |     5 ||    26

Table legend: (Time is in decaauts)
 A = Elapsed time spent in this place.
 B = Non-inter-level travel time spent in this place.
 C = Inter-level travel time spent in this place.
 D = Time resting spent in this place.
 E = Time spent auto-exploring this place.
 F = Levels seen in this place.
 G = Mean time per level.
                   A        B        C        D        E       F      G
               +--------+--------+--------+--------+--------+-----+--------+
         Total |   3515 |   3397 |    118 |   1504 |   1488 |   3 | 1171.7 |
       Dungeon |   3515 |   3397 |    118 |   1504 |   1488 |   3 | 1171.7 |
               +--------+--------+--------+--------+--------+-----+--------+

Top non-repeatable levels by time:
     D:2: 1756 daAuts
     D:1: 1653 daAuts
     D:3: 105 daAuts
